 Dungeon Crawl Stone Soup version 0.24-a0-201-gf205589 (webtiles) character file.

Game seed: 12986421167828327943

479 tilp the Summoner (level 7, -2/46 HPs)
             Began as a Human Summoner on Mar 22, 2019.
             Slain by Duvessa
             ... wielding a +0 short sword
              (7 damage)
             ... on level 4 of the Dungeon.
             The game lasted 00:15:42 (3785 turns).

tilp the Summoner (Human Summoner)                  Turns: 3785, Time: 00:15:42

Health: -2/46      AC:  7    Str:  9    XL:     7   Next: 33%
Magic:  11/11      EV: 12    Int: 17    God:
Gold:   158        SH:  0    Dex: 13    Spells: 4/10 levels left

rFire    . . .     SeeInvis .   a - +6 dagger (venom)
rCold    + . .     Gourm    .   (no shield)
rNeg     . . .     Faith    .   h - +2 robe {rC+}
rPois    .         Spirit   .   (no helmet)
rElec    .         Reflect  .   (no cloak)
rCorr    .         Harm     .   (no gloves)
MR       .....                  m - +0 pair of boots
Stlth    ++........             (no amulet)
HPRegen  0.15/turn              (no ring)
MPRegen  0.12/turn              (no ring)

@: no status effects
A: iridescent scales 1, high mp 1, sense surroundings 1
a: no special abilities


You were on level 4 of the Dungeon.
You were very hungry.

You visited 1 branch of the dungeon, and saw 4 of its levels.

You collected 158 gold pieces.

Inventory:

Hand Weapons
 a - a +6 dagger of venom (weapon)
 b - a +0 hunting sling
 o - a +0 morningstar
 r - a +0 dagger
 x - a +0 trident
 y - a +3 short sword
 A - a +1 dagger of electrocution
Missiles
 f - 119 stones (quivered)
Armour
 h - a +2 robe of cold resistance (worn)
 m - a +0 pair of boots (worn)
 p - a +1 scale mail of fire resistance
Jewellery
 i - an uncursed amulet of the acrobat {unknown}
Scrolls
 d - 2 scrolls of teleportation {unknown}
 e - a scroll of fog
 j - 2 scrolls of remove curse
 l - 2 scrolls of amnesia {unknown}
 n - a scroll of enchant weapon {unknown}
 q - 4 scrolls of identify {unknown}
 t - a scroll of enchant armour {unknown}
 u - a scroll of random uselessness {unknown}
 v - 2 scrolls of fear {unknown}
Potions
 s - a potion of curing {unknown}
 w - a potion of haste {unknown}
Comestibles
 c - 7 rations


   Skills:
 - Level 2.0 Dodging
 - Level 2.0 Stealth
 + Level 2.0 Spellcasting
 - Level 8.3 Summonings


You had 4 spell levels left.
You knew the following spells:

 Your Spells              Type           Power        Failure   Level  Hunger
a - Summon Small Mammal   Summ           ####         1%          1    #......
b - Call Imp              Summ           ####....     1%          2    ###....
c - Call Canine Familiar  Summ           ####....     1%          3    ###....

Your spell library contained the following spells:

 Spells                   Type           Power        Failure   Level  Hunger
 Summon Guardian Golem    Hex/Summ       ###.....     11%         3    ###....
 Summon Ice Beast         Ice/Summ       ###.....     34%         4    #####..
 Summon Lightning Spire   Summ/Air       ###.....     34%         4    #####..


Dungeon Overview and Level Annotations

Branches:
Dungeon (4/15)
 Temple: D:4-7

Altars:
Nemelex Xobeh
Ru

Shops:
D:4 [

Annotations:
D:4 Duvessa


Innate Abilities, Weirdness & Mutations

You are partially covered in iridescent scales. (AC +2)
You have an increased reservoir of magic. (+10% MP)
You passively map a small area around you.


Message History

A howler monkey comes into view.
The howler monkey hoots and howls with incredible vigour!
Your crimson imp blinks!
You hear a shout!
Duvessa goes berserk!
Your crimson imp blinks!
Duvessa rages.
Your crimson imp blinks!
Okay, then.
It was a potion of mutation.
You feel extremely strange.
You feel more energetic.
You feel a strange attunement to the structure of the dungeons.
Iridescent scales grow over part of your body.
Duvessa hits you with a +0 short sword.
* * * LOW HITPOINT WARNING * * *
It was a potion of magic.
Magic courses through your body. Duvessa hits you but does no damage.
Your crimson imp blinks!
Duvessa hits you with a +0 short sword!
You die...

.....#####.#.#........#....###'##
.....# #.#.#........#..........
.....# #.#.#####5...#.........)
.....# #............#...h......
.....#######.#####...##..........
.....[.......# #...#####>######
.....######### #...# #.# .....#
##########..5#####h###### .....##
#.......@e....5.......... ......#
#.################.###### ......#
#.# #.##.... ......# #.#
######.##.... ......# #.# * * *
#......5...5. ......# #.#*
,,.............. ......# #.#
,............?. ......###'## ,
.............. ......'....#
..............


You could see Duvessa (berserk) and 2 friendly crimson imps.

Vanquished Creatures
  Grinder (D:4)
  A hound (D:4)
  An orc priest (D:4)
  2 orc wizards (D:4)
  2 orcs
  4 hobgoblins
  A quokka (D:4)
  A bat (D:1)
  3 frilled lizards
  2 kobolds
  3 rats (D:1)
21 creatures vanquished.

Vanquished Creatures (collateral kills)
  Dowan (D:4)
  A howler monkey (D:4)
  An orc priest (D:3)
  An orc wizard (D:4)
  Jessica (D:2)
  Terence (D:2)
  4 gnolls
  5 adders
  An ooze (D:2)
  5 worms (D:2)
  A dart slug (D:1)
  A leopard gecko (D:1)
  11 orcs
  2 giant cockroaches
  7 goblins
  6 hobgoblins
  7 kobolds
  2 bats (D:2)
  3 frilled lizards (D:1)
  7 rats
68 creatures vanquished.

Grand Total: 89 creatures vanquished

Notes
Turn   | Place    | Note
-------+----------+-------------------------------------------
     0 | D:1      | tilp the Human Summoner began the quest for the Orb.
     0 | D:1      | Reached XP level 1. HP: 13/13 MP: 3/3
   167 | D:1      | Reached XP level 2. HP: 19/19 MP: 1/5
   171 | D:1      | Learned a level 2 spell: Call Imp
   568 | D:1      | Reached XP level 3. HP: 24/24 MP: 3/6
   579 | D:1      | Learned a level 3 spell: Call Canine Familiar
   824 | D:1      | Reached skill level 5 in Summonings
  1060 | D:2      | Found a sparkling altar of Nemelex Xobeh.
  1202 | D:2      | Noticed Jessica
  1211 | D:2      | Killed Jessica
  1211 | D:2      | Reached XP level 4. HP: 19/30 MP: 1/7
  1399 | D:2      | Noticed Terence
  1427 | D:2      | Killed Terence
  1946 | D:3      | Reached skill level 6 in Summonings
  1946 | D:3      | Reached XP level 5. HP: 23/35 MP: 0/8
  2131 | D:3      | Found a sacrificial altar of Ru.
  2271 | D:4      | Found Tutadurgh's Antique Armour Boutique.
  2563 | D:4      | Reached XP level 6. HP: 40/41 MP: 0/9
  2573 | D:4      | Reached skill level 7 in Summonings
  2784 | D:4      | Noticed Duvessa
  3238 | D:4      | Noticed Dowan
  3362 | D:4      | Killed Dowan
  3401 | D:3      | HP: 2/41 [poisoned by Dowan]
  3729 | D:4      | Noticed Grinder
  3733 | D:4      | Paralysed by Grinder for 6 turns
  3755 | D:4      | Paralysed by Grinder for 2 turns
  3765 | D:4      | Killed Grinder
  3765 | D:4      | Reached skill level 8 in Summonings
  3765 | D:4      | Reached XP level 7. HP: 5/46 MP: 0/10
  3784 | D:4      | Gained mutation: You have an increased reservoir of magic.
                  | (+10% MP) [potion of mutation]
  3784 | D:4      | Gained mutation: You passively map a small area around you.
                  | [potion of mutation]
  3784 | D:4      | Gained mutation: You are partially covered in iridescent
                  | scales. (AC +2) [potion of mutation]
  3785 | D:4      | Slain by Duvessa

Levels and vault maps discovered:
D:1:      minmay_arrival_hallway, layout_loops_ring, grunt_decor_clamped,
          st_stairs_4, minivault_26, hex_medium
D:2:      layout_loops_ring, overflow_temple_1_default, first_ration,
          st_stairs_7, uniq_jessica, uniq_terence
D:3:      layout_rooms, overflow_temple_1_default
D:4:      layout_basic, serial_shops, shop, uniq_grinder, uniq_duvessa

Skill      XL: |  1  2  3  4  5  6 |
---------------+-------------------+-----
Summonings     | 5 6 8 |  8.3
Dodging        | |  2.0
Stealth        | |  2.0
Spellcasting   | |  2.0

Action                   |  1- 3 |  4- 6 |  7- 9 || total
-------------------------+-------+-------+-------++-------
Melee: Unarmed           |     3 |       |       ||     3
       Dagger            |    48 |    68 |       ||   116
       Morningstar       |       |     1 |       ||     1
 Cast: Summon Small Mamm |    33 |     7 |       ||    40
       Call Imp          |    13 |    25 |       ||    38
       Call Canine Famil |     3 |    11 |       ||    14
  Use: Scroll            |       |     2 |       ||     2
       Potion            |       |     1 |     2 ||     3
 Stab: Sleeping          |       |     2 |       ||     2
  Eat: Chunk             |     3 |    10 |       ||    13
Armor: Robe              |     4 |     3 |     1 ||     8
       Leather armour    |    10 |     8 |       ||    18
Dodge: Dodged            |    46 |    45 |       ||    91

Table legend:
 A = Non-vault XP
 B = Vault XP
 C = Vault XP percentage of total XP
 D = Non-vault monster count
 E = Vault monster count
 F = Vault count percentage of total count
                 A         B        C        D         E       F
            +---------+---------+-------+---------+---------+-------
      Total |     371 |     314 |  45.8 |      82 |       7 |   7.9
            +---------+---------+-------+---------+---------+-------
        D:1 |      42 |       2 |   4.5 |      32 |       2 |   5.9
        D:2 |      32 |      41 |  56.2 |      13 |       3 |  18.8
        D:3 |      92 |       0 |   0.0 |      21 |       0 |   0.0
        D:4 |     205 |     271 |  56.9 |      16 |       2 |  11.1
            +---------+---------+-------+---------+---------+-------
